 Dungeon Crawl Stone Soup version 0.31.0-12-g77e489cdc1 (webtiles) character file.

Game seed: 11518849699798678773

1499 AuftragZ the Conjurer (level 8, -9/41 HPs)
             Began as a Deep Elf Earth Elementalist on Feb 12, 2024.
             Mangled by Edmund
             ... wielding a +3 heavy dire flail
              (22 damage)
             ... on level 6 of the Dungeon.
             The game lasted 00:24:54 (6028 turns).

AuftragZ the Conjurer (Deep Elf Earth Elementalist) Turns: 6028, Time: 00:24:55

Health: -9/41      AC:  3    Str:  5    XL:     8   Next: 52%
Magic:  11/18      EV: 12    Int: 23    God:
Gold:   294        SH:  0    Dex: 15    Spells: 10/18 levels left

rFire   . . .        f - +4 short sword (flame)
rCold   + . .        (no shield)
rNeg    . . .        a - +1 robe
rPois   .            (no helmet)
rElec   .            (no cloak)
rCorr   .            (no gloves)
SInv    .            (no boots)
Will    .....        (no amulet)
Stlth   +++          c - ring of protection from cold
HPRegen 0.26/turn    (no ring)
MPRegen 0.16/turn

%: no passive effects
@: no status effects
A: no striking features
a: no special abilities


You were on level 6 of the Dungeon.
You visited 1 branch of the dungeon, and saw 6 of its levels.

You collected 294 gold pieces.

Inventory:

Hand Weapons
 f - a +4 short sword of flaming (weapon)
Armour
 a - a +1 robe (worn)
Jewellery
 c - a ring of protection from cold (left hand)
Wands
 h - a wand of flame (23)
Potions
 b - a potion of magic
 d - a potion of curing
 e - 4 potions of haste
 i - a potion of brilliance


   Skills:
 - Level 2.4 Dodging
 + Level 5.7 Stealth
 - Level 5.5 Spellcasting
 * Level 7.7 Conjurations
 - Level 7.2 Earth Magic


You had 10 spell levels left.
You knew the following spells:

 Your Spells              Type           Power      Damage    Failure   Level
a - Sandblast             Erth           78%        2d17      1%          1
b - Passwall              Erth           39%        N/A       1%          3
c - Brom's Barrelling Bo  Conj/Erth      40%        2d6       4%          4

Your spell library contained the following spells:

 Spells                   Type           Power      Damage    Failure   Level
 Stone Arrow              Conj/Erth      80%        3d12      1%          3
 Hailstorm                Conj/Ice       24%        3d7       5%          3
 Freeze                   Ice            24%        1d4       9%          1
 Petrify                  Alch/Erth      23%        N/A       21%         4
 Frozen Ramparts          Ice            12%        1d2       26%         3


Dungeon Overview and Level Annotations

Branches:
Dungeon (6/15)
 Temple: D:4-7

Altars:
Dithmenos
Kikubaaqudgha
The Shining One

Annotations:
D:6 Edmund


Message History

The blast of sand hits Edmund!
Edmund is heavily wounded.
Edmund barely misses you.
Casting: Sandblast (safe; 1% risk of failure)
Confirm with . or Enter, or press ? or * to list all spells.
Aiming: Sandblast (safe; 1% risk of failure)
Press: ? - help, Shift-Dir - straight line, f/p - Edmund
Aim: Edmund, wielding a +3 heavy dire flail and wearing a +0 chain mail (heavily wounded, 88% to hit)
The blast of sand hits Edmund.
Edmund is severely wounded.
Edmund hits you with a +3 heavy dire flail!
Casting: Sandblast (safe; 1% risk of failure)
Confirm with . or Enter, or press ? or * to list all spells.
Aiming: Sandblast (safe; 1% risk of failure)
Press: ? - help, Shift-Dir - straight line, f/p - Edmund
Aim: Edmund, wielding a +3 heavy dire flail and wearing a +0 chain mail (heavily wounded, 88% to hit)
The blast of sand hits Edmund but does no damage.
Edmund is heavily wounded.
Edmund hits you with a +3 heavy dire flail!!
* * * LOW HITPOINT WARNING * * *
Casting: Sandblast (safe; 1% risk of failure)
Confirm with . or Enter, or press ? or * to list all spells.
Aiming: Sandblast (safe; 1% risk of failure)
Press: ? - help, Shift-Dir - straight line, f/p - Edmund
Aim: Edmund, wielding a +3 heavy dire flail and wearing a +0 chain mail (heavily wounded, 88% to hit)
The blast of sand hits Edmund.
Edmund is severely wounded.
Edmund closely misses you.
Casting: Sandblast (safe; 1% risk of failure)
Confirm with . or Enter, or press ? or * to list all spells.
Aiming: Sandblast (safe; 1% risk of failure)
Press: ? - help, Shift-Dir - straight line, f/p - Edmund
Aim: Edmund, wielding a +3 heavy dire flail and wearing a +0 chain mail (severely wounded, 88% to hit)
The blast of sand hits Edmund but does no damage.
Edmund is severely wounded.
Edmund says, "A flail is better than a scythe, any day of the week!"
Edmund hits you with a +3 heavy dire flail!!
Ouch! That really hurt!
You die...
Edmund says, "I'd like to see a scythe do that!"

...##.....#........
#...........#......
......#.....##.....
.....## .........
.##...#####....##
.###..#..##.....###
###...............#
##......####......#
........# #..#..@##
........###..#...@..#
..........#.##.......#
..................[.##
#...........#.....###
#...........#######
##.........# ##
......#....######..#
.....##......#..<..#


You could see Edmund.

Vanquished Creatures
  A kobold demonologist (D:6)
  A black bear (D:5)
  A phantom (D:6)
  5 scorpions
  5 hounds
  2 orc priests (D:6)
  2 jellies (D:6)
  2 iguanas
  A sleepcap (D:4)
  6 orc wizards
  16 adders
  A shadow imp (D:5)
  A white imp (D:5)
  4 ufetubi
  3 dart slugs
  A ribbon worm (D:4)
  16 orcs
  8 bats
  7 endoplasms
  5 giant cockroaches
  7 goblins
  11 hobgoblins
  3 jackals (D:3)
  4 kobolds
  7 quokkas
  6 ball pythons
  2 frilled lizards
  3 rats
131 creatures vanquished.

Notes
Turn   | Place    | Note
-------+----------+-------------------------------------------
     0 | D:1      | AuftragZ the Deep Elf Earth Elementalist began the quest
                  | for the Orb.
     0 | D:1      | Reached XP level 1. HP: 10/10 MP: 6/6
   357 | D:1      | Reached XP level 2. HP: 15/15 MP: 6/8
  1112 | D:1      | Reached XP level 3. HP: 19/19 MP: 7/9
  1353 | D:2      | Learned a level 3 spell: Passwall
  1640 | D:2      | Reached XP level 4. HP: 24/24 MP: 5/11
  1645 | D:2      | Learned a level 4 spell: Brom's Barrelling Boulder
  1789 | D:2      | Reached skill level 5 in Earth Magic
  2437 | D:3      | Found an ancient bone altar of Kikubaaqudgha.
  2701 | D:3      | Found a glowing golden altar of the Shining One.
  2774 | D:3      | Reached XP level 5. HP: 28/28 MP: 9/13
  4218 | D:4      | Reached XP level 6. HP: 32/32 MP: 10/15
  4253 | D:5      | Entered Level 5 of the Dungeon
  4363 | D:5      | Reached skill level 5 in Spellcasting
  4522 | D:5      | Reached XP level 7. HP: 36/36 MP: 15/17
  4688 | D:5      | Found a shadowy altar of Dithmenos.
  5342 | D:6      | Reached skill level 5 in Conjurations
  5522 | D:6      | Reached XP level 8. HP: 41/41 MP: 15/18
  5692 | D:6      | Noticed a kobold demonologist
  5698 | D:6      | Reached skill level 5 in Stealth
  5702 | D:6      | Noticed an orange demon
  5703 | D:6      | Killed a kobold demonologist
  6014 | D:6      | Noticed Edmund
  6028 | D:6      | Mangled by Edmund

Illustrated notes

Levels and vault maps discovered:
D:1:      tarquinn_simple_flora_water_d, layout_basic
D:2:      layout_basic, hangedman_decor_clover_reticule
D:3:      layout_basic, kiku_gazebo_pond_becter, tso_oasis_becter,
          grunt_ministairs_3, kennysheep_nub
D:4:      layout_cave_pods
D:5:      layout_cave_pools, nicolae_dithmenos_shadow_blocks,
          roderic_serpentine_path, chequers_serial_rivers_small_b
D:6:      layout_cave_pools, kennysheep_generic_room_7, uniq_edmund

Skill      XL: |  1  2  3  4  5  6  7  8 |
---------------+-------------------------+-----
Earth Magic    | 4 5 6 7 |  7.2
Conjurations   | 2 6 7 |  7.7
Spellcasting   | 4 5 |  5.5
Stealth        | 4 5 |  5.7
Dodging        | |  2.4

Action                     |  1- 3 |  4- 6 |  7- 9 || total
---------------------------+-------+-------+-------++-------
  Melee: Short sword       |       |     1 |       ||     1
   Cast: Sandblast         |    51 |    87 |    78 ||   216
    Use: Scroll            |     2 |     7 |     9 ||    18
         Potion            |       |       |     4 ||     4
 Armour: Robe              |     6 |    13 |    35 ||    54
  Dodge: Dodged            |    13 |    20 |    25 ||    58
